 Dungeon Crawl Stone Soup version 0.27-a0-1529-g1e82c303ef (webtiles) character file.

Game seed: 3623224857644816412

230 Morbidden the Ruffian (level 5, -2/50 HPs)
             Began as a Troll Brigand on July 12, 2021.
             Splashed by a jelly's acid (8 damage)
             ... on level 4 of the Dungeon.
             The game lasted 00:03:16 (2678 turns).

Morbidden the Ruffian (Troll Brigand)               Turns: 2678, Time: 00:03:16

Health: -2/50      AC: -3    Str: 19    XL:     5   Next: 72%
Magic:  4/4        EV: 10    Int:  8    God:
Gold:   209        SH:  0    Dex: 11    Spells: 4/4 levels left

rFire    . . .     SeeInvis .     - Unarmed
rCold    . . .     Faith    .   (no shield)
rNeg     . . .     Spirit   .   b - +0 robe
rPois    .         Reflect  .   (helmet restricted)
rElec    .         Harm     .   c - +0 cloak
rCorr    .         Rampage  .   (gloves unavailable)
Will     .....                  (boots unavailable)
Stlth    ++........             (no amulet)
HPRegen  1.16/turn              (no ring)
MPRegen  0.09/turn              (no ring)

@: corroded
A: large, unfitting armour, claws 3, regeneration 1, shaggy fur 1, tough skin 1
a: no special abilities


You were on level 4 of the Dungeon.
You visited 1 branch of the dungeon, and saw 4 of its levels.

You collected 209 gold pieces.

Inventory:

Missiles
 d - 8 poisoned darts
 e - 8 curare-tipped darts
 i - 9 boomerangs (quivered)
Armour
 b - a +0 robe (worn)
 c - a +0 cloak (worn)
Wands
 n - a wand of paralysis (11)
Scrolls
 a - a scroll of magic mapping {unknown}
 f - 3 scrolls of identify {unknown}
 g - a scroll of vulnerability {unknown}
 h - a scroll of noise {unknown}
 j - 2 scrolls of amnesia {unknown}
 k - a scroll of enchant armour {unknown}
 l - a scroll of teleportation {unknown}
Potions
 m - a potion of might {unknown}


   Skills:
 * Level 2.4 Fighting
 + Level 1.7 Short Blades
 + Level 2.0 Throwing
 * Level 1.7 Dodging
 + Level 2.9 Stealth
 + Level 3.1 Unarmed Combat


You had 4 spell levels left.
You didn't know any spells.
Your spell library contained the following spells:

 Spells                   Type           Power      Damage    Failure   Level
 Ignite Poison            Fire/Tmut/Pois 0%         N/A       78%         3
 Mephitic Cloud           Conj/Pois/Air  0%         N/A       78%         3
 Ozocubu's Armour         Ice            0%         N/A       78%         3
 Bolt of Magma            Conj/Fire/Erth 0%         4d4       100%        5
 Ozocubu's Refrigeration  Ice            0%         4d5       100%        7


Dungeon Overview and Level Annotations

Branches:
Dungeon (4/15)
 Temple: D:4-7

Altars:
Hepliaklqana


Innate Abilities, Weirdness & Mutations

You are too large for most types of armour.
You have claws for hands.
Your natural rate of healing is unusually fast.
You are covered in fur. (AC +1)
You have tough skin. (AC +1)


Message History

A jelly is nearby!
A jelly is nearby!
A jelly is nearby!
The helpless jelly fails to defend itself.
You scratch the jelly. The acid corrodes you!
Your claws burn!
The jelly is lightly wounded.
The jelly barely misses you.
You scratch the jelly.
Your claws burn!
The jelly is moderately wounded.
The jelly hits you.
You are splashed with acid!
A jelly is nearby!
You scratch the jelly but do no damage.
Your claws burn!
The jelly is moderately wounded.
The jelly hits you. The acid corrodes you!
You are splashed with acid!
A jelly is nearby!
You are too injured to fight recklessly!
A jelly is nearby!
You are too injured to fight recklessly!
You are too injured to fight recklessly!
A jelly is nearby!
You are too injured to fight recklessly!
A jelly is nearby!
You are too injured to fight recklessly!
A jelly is nearby!
You are too injured to fight recklessly!
You are too injured to fight recklessly!
You scratch the jelly but do no damage.
Your claws burn!
The jelly is moderately wounded.
The jelly barely misses you.
You claw the jelly!
Your claws burn!
The jelly is severely wounded.
The jelly hits you.
You are splashed with acid!
* * * LOW HITPOINT WARNING * * *
You scratch the jelly.
Your claws burn!
* * * LOW HITPOINT WARNING * * *
The jelly is severely wounded.
The jelly hits you.
* * * LOW HITPOINT WARNING * * *
You are splashed with acid!
You die...

### ###.. ##########....
######.##..#....≈≈≈
..#...##..#.##..≈.
#.#.#.##..#.##..≈.
..#####.#.#.....#.##.≈..
..$....@.<..............
......J....#.....)####..
#######.#.##.#.#### #..
#.#.##.#.# #..
#.#.##.#.#######..
######.......≈.+..
#.#...^.≈.#.≈
###.#.≈≈≈#.≈≈
#...≈≈).(.≈≈'


You could see a jelly.

Vanquished Creatures
  An iguana (D:3)
  8 gnolls
  3 adders
  An ufetubus (D:4)
  12 dart slugs
  2 orcs
  3 bats
  8 endoplasms
  A giant cockroach (D:2)
  5 goblins
  7 hobgoblins
  3 quokkas (D:1)
  6 ball pythons
  6 frilled lizards (D:1)
  3 kobolds
  4 rats
73 creatures vanquished.

Notes
Turn   | Place    | Note
-------+----------+-------------------------------------------
     0 | D:1      | Morbidden the Troll Brigand began the quest for the Orb.
     0 | D:1      | Reached XP level 1. HP: 19/19 MP: 0/0
   126 | D:1      | Reached XP level 2. HP: 27/27 MP: 1/1
   213 | D:1      | Reached skill level 1 in Dodging
   328 | D:1      | Reached XP level 3. HP: 35/35 MP: 2/2
   796 | D:2      | Reached skill level 1 in Unarmed Combat
  1228 | D:2      | Found a hazy altar of Hepliaklqana.
  1446 | D:3      | Reached XP level 4. HP: 36/42 MP: 3/3
  1466 | D:2      | Reached skill level 2 in Unarmed Combat
  1907 | D:3      | Reached XP level 5. HP: 37/50 MP: 4/4
  2529 | D:4      | Reached skill level 3 in Unarmed Combat
  2678 | D:4      | Splashed by a jelly's acid

Illustrated notes

Levels and vault maps discovered:
D:1:      lightli_iron_boxes, layout_loops_ring, minmay_lizard_pond
D:2:      layout_loops_corners, basic_altar
D:3:      layout_basic, chequers_serial_rivers_room_b
D:4:      kennysheep_slugbush, layout_basic, nicolae_hepliaklqana_hippocampus,
          eat_drink_and_be_merry_uskayaw, serial_rivers,
          chequers_serial_rivers_small_a, chequers_serial_rivers_micro_c,
          chequers_serial_rivers_large_a, chequers_serial_rivers_small_3,
          chequers_serial_rivers_small_b, chequers_serial_rivers_room_a,
          grunt_ministairs_8, kennysheep_potato

Skill      XL: |  1  2  3  4  5 |
---------------+----------------+-----
Dodging        | 1 |  1.7
Unarmed Combat | 1 2 3 |  3.1
Fighting       | 2 |  2.4
Throwing       | 2 |  2.0
Short Blades   | |  1.7
Stealth        | |  2.9

Action                   |  1- 3 |  4- 6 || total
-------------------------+-------+-------++-------
Melee: Unarmed           |    99 |    83 ||   182
       Punch             |       |     1 ||     1
Throw: Boomerang         |     2 |    19 ||    21
       Dart              |       |     2 ||     2
  Use: Potion            |       |     1 ||     1
 Stab: Sleeping          |     6 |     3 ||     9
Armor: Robe              |    41 |    27 ||    68
Dodge: Dodged            |    42 |    45 ||    87

Table legend: (Time is in decaauts)
 A = Elapsed time spent in this place.
 B = Non-inter-level travel time spent in this place.
 C = Inter-level travel time spent in this place.
 D = Time resting spent in this place.
 E = Time spent auto-exploring this place.
 F = Levels seen in this place.
 G = Mean time per level.
                   A        B        C        D        E       F      G
               +--------+--------+--------+--------+--------+-----+--------+
         Total |   2694 |   2628 |     66 |    259 |   1897 |   4 |  673.5 |
       Dungeon |   2694 |   2628 |     66 |    259 |   1897 |   4 |  673.5 |
               +--------+--------+--------+--------+--------+-----+--------+

Top non-repeatable levels by time:
     D:3: 927 daAuts
     D:2: 892 daAuts
     D:1: 665 daAuts
     D:4: 209 daAuts
